 Dungeon Crawl Stone Soup version 0.27.1-2-g3b301248ec (webtiles) character file.

Game seed: 17898076013998398496

23608 Borgoz the Fighter (level 13, -20/127 HPs)
             Began as a Gargoyle Berserker on Sept 26, 2021.
             Was a High Priest of Trog.
             Demolished by a very large slime creature (28 damage)
             ... on level 12 of the Dungeon.
             The game lasted 00:15:01 (14074 turns).

Borgoz the Fighter (Gargoyle Berserker)            Turns: 14074, Time: 00:15:02

Health: -20/127    AC: 21    Str: 26    XL:     13   Next: 7%
Magic:  4/4        EV: 18    Int:  7    God:    Trog [*****.]
Gold:   576        SH:  5    Dex: 23    Spells: 12/12 levels left

rFire    . . .     SeeInvis .   J - +3 great mace (antimagic)
rCold    . . .     Faith    .   (shield currently unavailable)
rNeg     + . .     Spirit   .   G - +1 ring mail of the World {Will+ Str+3 Dex+4}
rPois    ∞         Reflect  +   y - +0 helmet
rElec    +         Harm     .   o - scarf {repulsion}
rCorr    .         Rampage  .   (no gloves)
Will     +....                  w - +0 pair of boots
Stlth    ..........             d - amulet of reflection
HPRegen  0.31/turn              F - +6 ring of dexterity
MPRegen  0.09/turn              (no ring)

@: berserking, repel missiles, very quick
A: sickness immunity, AC +9, negative energy resistance 1, electricity
resistance, torment resistance 1, petrification resistance
a: Renounce Religion, Berserk, Trog's Hand, Brothers in Arms


You were on level 12 of the Dungeon.
You worshipped Trog.
Trog was extremely pleased with you.
You visited 1 branch of the dungeon, and saw 12 of its levels.

You collected 764 gold pieces.
You spent 188 gold pieces at shops.

Inventory:

Hand Weapons
 n - a +0 whip of electrocution
 J - a +3 antimagic great mace (weapon)
Missiles
 h - a throwing net (quivered)
Armour
 l - +0 acid dragon scales
 o - a scarf of repulsion (worn)
 w - a +0 pair of boots (worn)
 y - a +0 helmet (worn)
 G - the +1 ring mail of the World (worn) {Will+ Str+3 Dex+4}
   (You found it on level 8 of the Dungeon)

   Str:       It affects your strength (+3).
   Dex:       It affects your dexterity (+4).
   Will:      It increases your willpower.
Jewellery
 d - an amulet of reflection (around neck)
 t - a ring of fire
 F - a +6 ring of dexterity (left hand)
Wands
 a - a wand of mindburst (18)
 i - a wand of flame (24)
 E - a wand of acid (12)
Scrolls
 c - 7 scrolls of teleportation
 e - 3 scrolls of enchant weapon {unknown}
 f - 3 scrolls of blinking
 j - 4 scrolls of magic mapping {unknown}
 k - 2 scrolls of identify
 p - 2 scrolls of noise {unknown}
 r - 3 scrolls of enchant armour
 s - a scroll of brand weapon {unknown}
 A - 3 scrolls of vulnerability {unknown}
 B - 2 scrolls of fear {unknown}
 H - 2 scrolls of immolation {unknown}
Potions
 b - 3 potions of curing
 g - a potion of haste
 q - a potion of cancellation
 u - 3 potions of resistance
 v - 2 potions of flight {unknown}
 z - 2 potions of ambrosia
 C - a potion of attraction {unknown}
 D - a potion of mutation {unknown}
 I - 3 potions of magic {unknown}


   Skills:
 + Level 11.9 Fighting
 * Level 11.7 Maces & Flails
 + Level 11.7 Armour
 + Level 9.2 Dodging


You had 12 spell levels left.
You didn't know any spells.
Your spell library was empty.

Dungeon Overview and Level Annotations

Branches:
Dungeon (12/15)            Temple (0/1) D:4            Lair (0/6) D:11
    Orc (0/2) D:11

Altars:
Ashenzari
Cheibriados
Dithmenos
Gozag
Hepliaklqana
Makhleb
Qazlal
Sif Muna
Trog
Uskayaw
Yredelemnul

Shops:
D:6 !   D:8 *   D:9 *   D:10 *


Innate Abilities, Weirdness & Mutations

You are immune to sickness and miasma.
Your stone body is resilient. (AC +9)
You are immune to poison.
You resist negative energy. (rN+)
You are resistant to electric shocks. (rElec)
You are resistant to unholy torment.
You are immune to petrification.


Message History

The large slime creature closely misses you.
You thump the very large slime creature!
The very large slime creature is moderately wounded.
The large slime creature barely misses you.
You crush the very large slime creature like a grape!!!
The very large slime creature is heavily wounded.
The very large slime creature hits you!!!
Ouch! That really hurt!
You block the large slime creature's attack.
You are too injured to fight recklessly!
You are too injured to fight recklessly!
You are too injured to fight recklessly!
You are too injured to fight recklessly!
You are too injured to fight recklessly!
You are too injured to fight recklessly!
You are too injured to fight recklessly!
You are too injured to fight recklessly!
You are too injured to fight recklessly!
You are too injured to fight recklessly!
You are too injured to fight recklessly!
You are too injured to fight recklessly!
You are too injured to fight recklessly!
You are too injured to fight recklessly!
You are too injured to fight recklessly!
You are too injured to fight recklessly!
You are too injured to fight recklessly!
You are too injured to fight recklessly!
You are too injured to fight recklessly!
You are too injured to fight recklessly!
You are too injured to fight recklessly!
You are too injured to fight recklessly!
A red film seems to cover your vision as you go berserk!
You feel yourself moving faster!
You feel mighty!
The very large slime creature hits you!!!
* * * LOW HITPOINT WARNING * * *
The large slime creature misses you.
You bludgeon the very large slime creature!!
The very large slime creature is severely wounded.
The very large slime creature hits you!!
You die...

#######'###..............(
#.........#.............##
#.........##.###..##.####
#.........##.# ##.##.#
##########........#.# #..#.#
...........###.#.##.#####.#.#
...............#.##.........#
...........[#..#.########...#
............####@# #...#
............#..JJ# #...###
..........###.#### #..>..#
..........# # #######.###.#
..........# ..^.....###.#
..........# ..#####.....###
..........# #.....)......
...†......# #............
..........# #............


You could see a very large slime creature and a large slime creature.

Vanquished Creatures
  Azrael (D:12)
  2 boulder beetles
  6 two-headed ogres
  The ghost of MrNoob the Carver, a novice MiBe of Trog (D:8)
  Nergalle (D:12)
  Pikel (D:5)
  A cyclops (D:12)
  2 manticores
  4 slime creatures (D:12)
  An unseen horror (D:10)
  Psyche (D:12)
  4 trolls
  A wyvern (D:8)
  A wraith (D:11)
  4 fire elementals (D:12)
  32 yaks
  2 steam dragons (D:9)
  9 vampire mosquitoes
  An acid dragon (D:10)
  A water moccasin (D:8)
  3 hell hounds (D:12)
  3 ice beasts
  2 orc warriors
  2 sky beasts
  A necrophage (D:6)
  6 centaurs
  4 wolves (D:12)
  2 phantoms
  2 kobold brigands (D:9)
  Blork the orc (D:6)
  4 scorpions
  A water moccasin zombie (D:4)
  2 water moccasin skeletons
  13 wights
  A howler monkey (D:8)
  3 electric eels (D:11)
  A spectral centaur (D:8)
  A bullfrog zombie (D:4)
  8 hounds
  3 centaur zombies
  2 centaur skeletons
  3 jellies
  5 orc priests
  A bullfrog skeleton (D:5)
  2 iguanas
  14 orc wizards
  A scorpion zombie (D:4)
  A hound zombie (D:4)
  A spectral howler monkey (D:8)
  A hound skeleton (D:4)
  2 howler monkey zombies
  4 gnolls (D:2)
  6 adders
  A shadow imp (D:7)
  A white imp (D:7)
  2 ufetubi (D:6)
  4 adder zombies
  An adder skeleton (D:4)
  A worm (D:2)
  3 dart slugs
  26 orcs
  6 endoplasms
  7 giant cockroaches
  4 goblins
  7 hobgoblins
  6 jackals
  3 quokkas
  5 ball pythons
  3 bats
  2 frilled lizards (D:2)
  16 kobolds
  A quokka zombie (D:4)
  4 rats
  A spectral kobold (D:6)
  A bush (D:6)
287 creatures vanquished.

Notes
Turn   | Place    | Note
-------+----------+-------------------------------------------
     0 | D:1      | Borgoz the Gargoyle Berserker began the quest for the Orb.
     0 | D:1      | Reached XP level 1. HP: 14/14 MP: 1/1
    37 | D:1      | Noticed a golden eye
    39 | D:1      | Found a faded altar of an unknown god.
    41 | D:1      | Noticed an eye of devastation
    41 | D:1      | Noticed an eye of devastation
    41 | D:1      | Noticed a floating eye
   393 | D:1      | Reached XP level 2. HP: 19/19 MP: 2/2
  1112 | D:2      | Reached XP level 3. HP: 21/23 MP: 3/3
  1301 | D:2      | Reached XP level 4. HP: 18/29 MP: 4/4
  1302 | D:2      | Reached ** piety under Trog
  2191 | D:3      | Found a burning altar of Makhleb.
  2196 | D:3      | Noticed an Executioner
  2245 | D:3      | Found a broken altar of Ashenzari.
  2401 | D:4      | Found an opulent altar of Gozag.
  2408 | D:4      | Reached XP level 5. HP: 33/33 MP: 5/5
  2680 | D:4      | Noticed a phantom
  2697 | D:4      | Killed a phantom
  2698 | D:4      | Reached XP level 6. HP: 39/39 MP: 6/6
  2791 | D:4      | Found a staircase to the Ecumenical Temple.
  2936 | D:4      | Reached *** piety under Trog
  3313 | D:4      | Reached skill level 5 in Fighting
  3318 | D:4      | Reached XP level 7. HP: 38/44 MP: 7/7
  3847 | D:5      | Entered Level 5 of the Dungeon
  3864 | D:5      | Reached skill level 5 in Maces & Flails
  3865 | D:5      | Reached skill level 5 in Armour
  3880 | D:5      | Noticed a fire elemental
  3881 | D:5      | Found a stormy altar of Qazlal.
  3885 | D:5      | Noticed a water elemental
  4061 | D:5      | Noticed an air elemental
  4130 | D:5      | Noticed Pikel
  4141 | D:5      | Killed Pikel
  4142 | D:5      | Reached XP level 8. HP: 51/51 MP: 8/8
  4311 | D:5      | Found a basalt altar of Yredelemnul.
  4600 | D:5      | Reached XP level 9. HP: 56/56 MP: 9/9
  4937 | D:4      | Reached skill level 5 in Dodging
  5573 | D:6      | Reached **** piety under Trog
  5948 | D:6      | Found a bloodstained altar of Trog.
  6066 | D:6      | Found a hazy altar of Hepliaklqana.
  6109 | D:6      | Found Etisurero's Distillery.
  6109 | D:6      | Noticed Blork the orc
  6131 | D:6      | Killed Blork the orc
  6260 | D:6      | Bought a potion of might for 52 gold pieces
  6260 | D:6      | Bought a potion of ambrosia for 104 gold pieces
  6463 | D:6      | Found a shimmering blue altar of Sif Muna.
  6931 | D:7      | Found a hide-covered altar of Uskayaw.
  7041 | D:7      | Found a shadowy altar of Dithmenos.
  7177 | D:7      | Reached XP level 10. HP: 56/64 MP: 10/10
  7822 | D:8      | Found a runed translucent gate.
  7822 | D:8      | Found a runed translucent gate.
  7822 | D:8      | Found a runed translucent gate.
  7823 | D:8      | Noticed MrNoob's ghost (novice MiBe)
  7956 | D:8      | Reached ***** piety under Trog
  8021 | D:8      | Found a snail-covered altar of Cheibriados.
  8034 | D:8      | Noticed a two-headed ogre
  8049 | D:8      | Killed a two-headed ogre
  8336 | D:8      | Identified the +1 ring mail of the World {Will+ Str+3
                  | Dex+4}
  8479 | D:8      | Found Xuewinifoe's Lightly-Used Armoury.
  8699 | D:8      | Killed MrNoob's ghost
  8840 | D:9      | You fall into a shaft and drop 3 floors!
  8922 | D:11     | Noticed a two-headed ogre
  8931 | D:11     | Killed a two-headed ogre
  9020 | D:11     | Noticed a two-headed ogre
  9049 | D:12     | Reached XP level 11. HP: 47/71 MP: 11/11
  9393 | D:11     | Killed a two-headed ogre
  9494 | D:11     | Reached skill level 10 in Fighting
  9494 | D:11     | Found a staircase to the Lair.
  9531 | D:11     | Noticed a two-headed ogre
  9552 | D:11     | Killed a two-headed ogre
  9769 | D:10     | Entered Level 10 of the Dungeon
  9983 | D:10     | Reached skill level 10 in Armour
 10450 | D:10     | Received a gift from Trog
 10862 | D:10     | Found Ygeomi's General Store.
 10890 | D:10     | Bought a scroll of identify for 32 gold pieces
 10973 | D:9      | Reached skill level 10 in Maces & Flails
 10982 | D:9      | Reached XP level 12. HP: 64/79 MP: 4/12
 11059 | D:9      | Found Diprahin's Assorted Antiques.
 11664 | D:9      | HP: 3/80 [yak (6)]
 12425 | D:11     | Noticed a boulder beetle
 12437 | D:11     | Killed a boulder beetle
 12841 | D:11     | Noticed a two-headed ogre
 12851 | D:11     | Killed a two-headed ogre
 12949 | D:11     | Found a staircase to the Orcish Mines.
 13183 | D:12     | Noticed Azrael
 13222 | D:12     | Killed Azrael
 13356 | D:12     | Noticed Nergalle
 13373 | D:12     | Killed Nergalle
 13959 | D:12     | Noticed Psyche
 13959 | D:12     | Noticed a boulder beetle
 13967 | D:12     | Killed Psyche
 13970 | D:12     | Noticed a two-headed ogre
 13975 | D:12     | Killed a boulder beetle
 13976 | D:12     | Reached XP level 13. HP: 85/85 MP: 4/13
 14074 | D:12     | Demolished by a very large slime creature

Illustrated notes

Levels and vault maps discovered:
D:1:      lemuel_arrival_funnel, layout_basic,
          hellmonk_ecumenical_altar_watching_god
D:2:      layout_rooms
D:3:      layout_rooms, makhleb_altar_promises_db, lemuel_round_altar,
          st_stairs_8, serial_bayou_pond_b, minmay_misc_feat_columns,
          kennysheep_generic_room_10
D:4:      layout_layer_cave, nicolae_gozag_seed_capital,
          minmay_temple_entry_statues_fountains, serial_undead, serial_undead_d,
          serial_undead_a, serial_undead_e, serial_undead_d
D:5:      layout_layer_cave, old_standard_altar,
          nicolae_qazlal_style_of_elements, uniq_pikel
D:6:      layout_cave_pools, lemuel_crystal_altar,
          lemuel_coloured_pillars_altar, nicolae_hepliaklqana_monster_ancestors,
          serial_shops, nicolae_lakefront_shop, chequers_serial_rivers_micro_b,
          chequers_garden, nicolae_zen_rock_garden, st_stairs_9,
          kb_lookout_dungeons_type, uniq_blork_the_orc
D:7:      layout_basic, lemuel_tele_altar, mainiacjoe_overflow_alcove_4,
          minmay_fractal_squares_5
D:8:      layout_basic, kennysheep_mini, gammafunk_ghost_necromancy,
          minmay_shop_damaged, minmay_circle_x
D:9:      layout_basic, serial_shops, shop
D:10:     layout_irregular_city, serial_column_ruins, column_ruins_open_small,
          column_ruins_columns_straight, column_ruins_grid_1,
          column_ruins_corridor_straight, serial_shops, shop,
          nrook_pool_corridor
D:11:     layout_loops_ring, erik_lair_island, orc_0_dummy,
          hangedman_decor_growths
D:12:     layout_basic, uniq_psyche, uniq_nergalle, uniq_azrael

Skill      XL: |  1  2  3  4  5  6  7  8  9 10 11 12 |
---------------+-------------------------------------+-----
Dodging        | 2 3 4 5 7 8 9 |  9.2
Armour         | 3 4 5 6 7 9 10 11 | 11.7
Fighting       | 4 5 6 8 9 10 11 | 11.9
Maces & Flails | 4 5 6 7 8 10 11 | 11.7

Action                   |  1- 3 |  4- 6 |  7- 9 | 10-12 | 13-15 || total
-------------------------+-------+-------+-------+-------+-------++-------
Melee: Mace              |    80 |     3 |       |       |       ||    83
       Flail             |       |   141 |       |       |       ||   141
       Whip              |       |    48 |   351 |   497 |       ||   896
       Great mace        |       |       |       |   266 |    25 ||   291
Throw: Throwing net      |       |       |       |     1 |       ||     1
Invok: Berserk           |       |     3 |     4 |    15 |     1 ||    23
       Trog's Hand       |       |       |     1 |     4 |       ||     5
  Use: Scroll            |       |       |       |    10 |       ||    10
       Potion            |       |       |       |     4 |       ||     4
 Stab: Sleeping          |     1 |       |       |     1 |       ||     2
       Held in net/web   |       |       |       |     1 |       ||     1
Armor: Animal skin       |     6 |       |       |       |       ||     6
       Ring mail         |    10 |    13 |       |   271 |     2 ||   296
       Plate armour      |       |   113 |   211 |   115 |       ||   439
Dodge: Dodged            |    50 |    78 |   102 |   544 |    16 ||   790
       Repelled          |       |       |     2 |    15 |       ||    17
Block: Other             |    18 |    58 |    63 |   174 |     4 ||   317
       Reflection        |     2 |       |     3 |     2 |       ||     7
